 Dungeon Crawl Stone Soup version 0.26.0-45-g9c1d065592 (webtiles) character file.

Game seed: 9516816921642136987

77 Majorwet the Ruffian (level 4, 0/35 HPs)
             Began as a Demonspawn Berserker on Jan 28, 2021.
             Was a Believer of Trog.
             Slain by an adder (3 damage)
             ... on level 2 of the Dungeon.
             The game lasted 00:04:16 (1090 turns).

Majorwet the Ruffian (Demonspawn Berserker)         Turns: 1090, Time: 00:04:16

Health: 0/35       AC:  4    Str: 18    XL:     4   Next: 13%
Magic:  4/4        EV: 12    Int: 15    God:    Trog [**....]
Gold:   34         SH:  0    Dex: 12    Spells: 3/3 levels left

rFire    . . .     SeeInvis .     - Unarmed
rCold    . . .     Faith    .   (no shield)
rNeg     . . .     Spirit   .   k - +0 leather armour (curse)
rPois    .         Reflect  .   (helmet restricted)
rElec    .         Harm     .   c - +0 cloak
rCorr    .         Rampage  .   (no gloves)
Will     ++...     Rnd*Tele +   (no boots)
Stlth    +.........             (no amulet)
HPRegen  1.11/turn              f - +6 ring of intelligence
MPRegen  0.09/turn              h - ring of teleportation (curse)

@: lethally poisoned (0 -> 0), regenerating (expiring)
A: horns 1, miasma immunity
a: Renounce Religion, Berserk, Trog's Hand


You were on level 2 of the Dungeon.
You worshipped Trog.
Trog was pleased with you.
You visited 1 branch of the dungeon, and saw 2 of its levels.

You collected 34 gold pieces.

Inventory:

Missiles
 b - 68 stones (quivered)
 l - 7 boomerangs of dispersal
Armour
 c - a +0 cloak (worn)
 k - a cursed +0 leather armour (worn)
Jewellery
 f - a +6 ring of intelligence (left hand)
 h - a cursed ring of teleportation (right hand)
Scrolls
 d - 2 scrolls of remove curse {unknown}
 g - 2 scrolls of identify {unknown}
 j - a scroll of noise {unknown}
Potions
 a - a potion of heal wounds {unknown}
 e - a potion of haste {unknown}
 i - a potion of ambrosia {unknown}


   Skills:
 + Level 3.5 Fighting
 + Level 1.9 Armour
 + Level 2.5 Dodging
 + Level 3.6 Unarmed Combat


You had 3 spell levels left.
You didn't know any spells.
Your spell library was empty.

Dungeon Overview and Level Annotations

Branches:
Dungeon (2/15)

Altars:


Innate Abilities, Weirdness & Mutations

You have a pair of small horns on your head.
You are immune to miasma.


Message History

The adder closely misses you.
You closely miss the adder. Your headbutt misses the adder.
You feel sick. The adder misses you.
You barely miss the adder.
You feel the effects of Trog's Hand fading.
The adder misses you. The adder barely misses you.
You closely miss the adder.
You feel sick. The adder bites you.
* * * LOW HITPOINT WARNING * * *
You are more poisoned.
The adder poisons you!
You barely miss the adder. Your headbutt misses the adder.
You feel sick. The adder bites you.
* * * LOW HITPOINT WARNING * * *
You are more poisoned.
The adder poisons you!
You hit the adder but do no damage.
You feel sick. The adder completely misses you.
You barely miss the adder. Your headbutt misses the adder.
You feel sick. The adder bites you.
You die...

.# .#. ### ####... ..##
#. ###..... #.## #Z
#.....## #.## ######.
#...(..# #.##
.......##..8...#######.##
.........................
...$....@S.....#####.#...
#........#..#...[........
#........#.#.#######.....
...........#.# #.....
.........P.#.# ###.##
...........#.. ....
...........### ##.##
.######....# ..# ##.###
.#


You could see an adder.

Vanquished Creatures
  2 adders (D:2)
  3 oozes
  An adder zombie (D:2)
  A dart slug (D:1)
  8 bats
  A giant cockroach (D:1)
  4 goblins (D:1)
  8 hobgoblins
  2 jackals (D:1)
  2 kobolds
  2 ball pythons
  3 frilled lizards (D:1)
  A jackal zombie (D:2)
  4 rats (D:1)
42 creatures vanquished.

Notes
Turn   | Place    | Note
-------+----------+-------------------------------------------
     0 | D:1      | Majorwet the Demonspawn Berserker began the quest for the
                  | Orb.
     0 | D:1      | Reached XP level 1. HP: 18/18 MP: 1/1
   143 | D:1      | Gained mutation: You are immune to miasma. [demonic
                  | ancestry]
   143 | D:1      | Reached XP level 2. HP: 19/24 MP: 2/2
   326 | D:1      | Reached XP level 3. HP: 29/29 MP: 3/3
   403 | D:1      | Reached ** piety under Trog
  1019 | D:2      | Gained mutation: You have a pair of small horns on your
                  | head. [demonic ancestry]
  1019 | D:2      | Reached XP level 4. HP: 11/35 MP: 4/4
  1029 | D:2      | HP: 1/35 [hobgoblin/+0 club (7)]
  1090 | D:2      | Slain by an adder

Illustrated notes

Levels and vault maps discovered:
D:1:      dpeg_arrival_tiny_c, layout_rooms
D:2:      layout_loops_ring, serial_undead, serial_undead_d, serial_undead_f,
          serial_undead_b, serial_undead_f, serial_undead_a, serial_undead_e,
          serial_undead_b, serial_undead_d,
          chequers_ecumenical_altar_simple_redux

Skill      XL: |  1  2 |
---------------+-------+-----
Dodging        | 2 |  2.5
Unarmed Combat | 3 |  3.6
Fighting       | |  3.5
Armour         | |  1.9

Action                   |  1- 3 |  4- 6 || total
-------------------------+-------+-------++-------
Melee: Unarmed           |   121 |    27 ||   148
       Punch             |     5 |     1 ||     6
       Headbutt          |       |     4 ||     4
Throw: Stone             |     2 |       ||     2
Invok: Berserk           |     4 |       ||     4
       Trog's Hand       |       |     2 ||     2
 Stab: Sleeping          |     1 |       ||     1
Armor: Animal skin       |    49 |       ||    49
       Leather armour    |     3 |     8 ||    11
Dodge: Dodged            |   122 |    24 ||   146
